 Dungeon Crawl Stone Soup version 0.31-a0-750-gfe7b580527 (webtiles) character file.

Game seed: 8550270102527427924

221528 Pooter the Executioner (level 18, -3/264 HPs)
             Began as a Minotaur Berserker on Sept 11, 2023.
             Was a High Priest of Trog.
             Killed from afar by a manticore (7 damage)
             ... with a volley of spikes
             ... on level 4 of the Shoals on Sept 15, 2023.
             The game lasted 04:12:58 (57127 turns).

Pooter the Executioner (Minotaur Berserker)        Turns: 57127, Time: 04:12:59

Health: -3/264     AC: 25    Str: 36    XL:     18   Next: 88%
Magic:  0/17       EV:  9    Int:  9    God:    Trog [*****.]
Gold:   2191       SH:  0    Dex: 14    Spells: 17/17 levels left

rFire   + + .        a - +8 executioner's axe (flame)
rCold   + . .        (shield currently unavailable)
rNeg    + . .        Z - +4 plate armour {rF+}
rPois   +            X - -2 hat of the Alchemist {rElec rPois rF+ rC+ rN+ Will+ rMut rCorr}
rElec   +            K - scarf {repulsion}
rCorr   +            W - +2 pair of gloves {infuse}
SInv    .            e - +2 pair of boots {rampage}
Will    ++...        G - amulet of guardian spirit Stlth
                     A - +6 ring of strength
HPRegen 0.64/turn    H - ring of Qefutub {Fly rCorr Str+4 Int+3 Dex+2}
MPRegen 0.15/turn

%: repel missiles, resist mutation, guardian spirit, rampage
@: berserking, lethally poisoned (-3 -> -5), spiked, flying, studying Short
Blades, very quick
A: horns 2, retaliatory headbutt
a: Renounce Religion, Berserk, Trog's Hand, Brothers in Arms


You were on level 4 of the Shoals.
You worshipped Trog.
Trog was extremely pleased with you.
You visited 5 branches of the dungeon, and saw 29 of its levels.
You visited the Abyss 1 time.
You also visited: Ossuary, Ice Cave and Volcano.

You collected 5980 gold pieces.
You spent 3789 gold pieces at shops.

Inventory:

Hand Weapons
 a - a +8 executioner's axe of flaming (weapon)
   (Trog gifted it to you on level 14 of the Dungeon)
 b - a +8 longbow of flaming
   (You took it off a human on level 12 of the Dungeon)
Missiles
 m - 3 darts of dispersal {!f}
 n - 8 datura-tipped darts
 E - 2 javelins
 F - 3 curare-tipped darts
 M - a silver javelin
 Y - 51 boomerangs (quivered)
Armour
 e - a +2 pair of boots of rampaging (worn)
   (You bought it in a shop on level 10 of the Dungeon)
 u - a +1 plate armour of cold resistance
   (You found it in an ice cave)
 K - a scarf of repulsion (worn)
   (You found it on level 11 of the Dungeon)
 P - a +1 pair of gloves of strength
   (You found it on level 3 of the Elven Halls)
 W - a +2 pair of gloves of infusion (worn)
   (You found it on level 4 of the Shoals)
 X - the -2 hat of the Alchemist (worn) {rElec rPois rF+ rC+ rN+ Will+ rMut rCorr}
   (You acquired it in an ossuary)

   rF+:       It protects you from fire.
   rC+:       It protects you from cold.
   rElec:     It insulates you from electricity.
   rPois:     It protects you from poison rN+: It protects you from negative
   energy.
   Will+:     It increases your willpower.
   rCorr:     It protects you from acid and corrosion.
   rMut:      It protects you from mutation.
 Z - a +4 plate armour of fire resistance (worn)
   (You found it in a volcano)
Jewellery
 o - a ring of fire
   (You found it on level 3 of the Dungeon)
 w - a +6 ring of dexterity
   (You found it on level 2 of the Elven Halls)
 A - a +6 ring of strength (left hand)
   (You took it off a deep elf zephyrmancer on level 3 of the Elven Halls)
 G - an amulet of guardian spirit (around neck)
   (You found it on level 6 of the Dungeon)
 H - the ring of Qefutub (right hand) {Fly rCorr Str+4 Int+3 Dex+2}
   (You bought it in a shop on level 2 of the Shoals)

   [ring of resist corrosion]

   Str+4:     It affects your strength (+4).
   Int+3:     It affects your intelligence (+3).
   Dex+2:     It affects your dexterity (+2).
   Fly:       It grants you flight.
   rCorr:     It protects you from acid and corrosion.
 N - a ring of positive energy
   (You found it on level 2 of the Dungeon)
 S - a ring of see invisible
   (You found it on level 14 of the Dungeon)
 T - a +4 ring of protection
   (You found it on level 1 of the Dungeon)
Wands
 d - a wand of iceblast (56)
   (You found it on level 8 of the Dungeon)
 f - a wand of flame (49)
   (You bought it in a shop on level 10 of the Dungeon)
 k - a wand of charming (19)
   (You found it on level 13 of the Dungeon)
 l - a wand of mindburst (24)
   (You bought it in a shop on level 10 of the Dungeon)
 p - a wand of polymorph (13)
   (You found it on level 5 of the Lair of Beasts)
 x - a wand of acid (12)
   (You bought it in a shop on level 10 of the Dungeon)
Scrolls
 c - 2 scrolls of revelation
 i - 7 scrolls of identify {@r1}
 j - a scroll of immolation {!r}
 q - 5 scrolls of poison {!r}
 r - 9 scrolls of blinking
 t - 6 scrolls of teleportation {@r4}
 y - 4 scrolls of noise {!r}
 C - a scroll of silence
 D - 3 scrolls of fear
 L - a scroll of fog
Potions
 g - 11 potions of heal wounds {@q2}
 h - 6 potions of might
 s - 15 potions of curing {@q1}
 v - 8 potions of enlightenment
 z - 2 potions of resistance
 I - 4 potions of cancellation
 J - 13 potions of haste {@q3}
 O - 5 potions of attraction {!q}
 U - 7 potions of mutation {!q}
 V - 6 potions of invisibility
Miscellaneous
 B - a phantom mirror
   (You found it in an ice cave)
 Q - a tin of tremorstones (1/2)
   (You bought it in a shop on level 2 of the Orcish Mines)
 R - a box of beasts
   (You found it on level 11 of the Dungeon)


   Skills:
 + Level 19.0 Fighting
 * Level 23.2 Axes
 - Level 20.0 Ranged Weapons
 + Level 3.0 Throwing
 + Level 13.2 Armour
 - Level 2.1 Dodging
 - Level 4.4 Stealth
 + Level 10.0 Evocations


You had 17 spell levels left.
You didn't know any spells.
Your spell library was empty.

Dungeon Overview and Level Annotations

Branches:
Dungeon (15/15) Zot: 24663  Temple (0/1) D:6            Lair (5/5) D:8 Zot: 21352
 Shoals (4/4) Lair:2 Zot: 14238   Snake (0/4) Lair:2        Slime (0/5) Lair:5
    Orc (2/2) D:10 Zot: 8772     Elf (3/3) Orc:2 Zot: 7385  Vaults (0/5) D:14
 Depths (0/4) D:15        Ossuary (visited)           IceCv (visited)
Volcano (visited)

Altars:
Elyvilon
Kikubaaqudgha
Nemelex Xobeh
Qazlal
Uskayaw
Wu Jian
Xom
The Shining One
Jiyva

Shops:
D:4 *   D:10 *   Orc:2 !?!(*   Elf:3 :   Shoals:2 =*   Shoals:3 (   Shoals:4 :

Portals:
Trove: D:11 (give +4 storm dragon scales)

Annotations:
Elf:2 5 runed translucent doors


Innate Abilities, Weirdness & Mutations

You have a pair of horns on your head.
You reflexively headbutt those who attack you in melee.


Message History

* * * LOW HITPOINT WARNING * * *
The merfolk impaler hits you but does no damage.
You miss the merfolk impaler. You headbutt the merfolk impaler!
You slice the merfolk!! You burn the merfolk.
You feel sick.
The merfolk impaler hits you from afar with a +0 trident.
* * * LOW HITPOINT WARNING * * *
The merfolk impaler hits you with a +0 trident of venom!
* * * LOW HITPOINT WARNING * * *
* * * LOW MAGIC WARNING * * *
You slice the merfolk impaler!! You burn the merfolk impaler!
You slash the merfolk! You burn the merfolk.
You feel sick. The merfolk hits you with a +0 trident!
* * * LOW HITPOINT WARNING * * *
The merfolk hits you from afar with a +2 vampiric trident!
* * * LOW HITPOINT WARNING * * *
Unknown command.
You miss the merfolk impaler. You slice the merfolk!! You burn the merfolk.
You kill the merfolk!
Trog accepts your kill.
You feel sick. The merfolk impaler barely misses you.
The merfolk impaler hits you with a +0 trident of venom!!
* * * LOW HITPOINT WARNING * * *
You miss the merfolk impaler. You headbutt the merfolk impaler!!
You kill the merfolk impaler!
Trog accepts your kill.
The merfolk impaler hits you from afar with a +0 trident!
* * * LOW HITPOINT WARNING * * *
The merfolk hits you from afar with a +2 vampiric trident!
* * * LOW HITPOINT WARNING * * *
You rampage towards the merfolk impaler!
You slice the merfolk impaler!! You burn the merfolk impaler.
You feel sick.
The merfolk impaler hits you but does no damage.
You miss the merfolk impaler.
Your headbutt misses the merfolk impaler.
A manticore comes into view.
The merfolk impaler hits you but does no damage.
You open the merfolk impaler like a pillowcase!!!
You burn the merfolk impaler!
You feel the power of Trog in you as your rage grows.
You kill the merfolk impaler!
Trog accepts your kill.
You feel sick.
The merfolk hits you but does no damage.
Your Throwing skill increases to level 3!
Unknown command.
Unknown command.
The manticore flicks its tail.
The volley of spikes hits you!
The barbed spikes become lodged in your body.
You die...

## ##............~≈≈≈≈.###...~~ #
#.........÷.(..~~≈~....~~~~ +
#...........†..~~~~~..~~~~~ #
#..............~~~~~~~~~~~~ ##
#...............~~~~.~~~~~~ ~###
#~~~.............~~~~~~~~~~.
≈≈~~~~~~~.....H.......~~~~~~~~~~~
≈≈≈≈~~~~.....##'##....~~≈≈~~~~~~~
≈≈≈≈ . ##))@##...~≈≈≈≈≈≈≈~~~ ≈≈≈≈
#.m)))#...~~≈≈≈≈~~~~~ ≈≈≈~
#..)).#....~≈≈≈~~~~~~ ~~≈~
#.....#...~~≈≈~~~~~~~ ~.~~~
##...##~~~~~~≈~~~~~~# ~..~~~
#####.~~~~.~≈≈≈~~~~# ~~~~~~.
.~~~~.~~≈≈~~~.. .~~~~~.
~~~~≈≈≈~~.. .~~~~.. ~~≈≈≈≈≈~...


You could see a merfolk and a manticore.

Vanquished Creatures
  Jorgrun (Shoals:1)
  2 deep elf blademasters (Elf:3)
  2 deep elf master archers (Elf:3)
  2 krakens
  Roxanne (Shoals:3)
  A tentacled starspawn (Abyss:2)
  Ilsuiw (Shoals:3)
  5 deep elf sorcerers
  4 deep elf elementalists
  2 frost giants (D:15)
  4 orc warlords
  4 deep elf demonologists
  4 deep elf annihilators (Elf:3)
  The ghost of Dittersdorf the Protected, a journeyman GrFi of Okawaru (Lair:4)
  A red draconian (Volcano)
  3 deep elf death magi (Elf:3)
  6 merfolk impalers
  4 merfolk javelineers
  2 great orbs of eyes
  A rakshasa (D:14)
  An ice dragon (D:15)
  4 vault guards (D:14)
  Erica (D:10)
  9 centaur warriors
  5 hydras
  6 merfolk avatars
  2 ironbound frosthearts (IceCv)
  2 merfolk aquamancers
  An ogre mage (D:15)
  2 satyrs
  9 dancing weapons
  3 boulder beetles
  5 two-headed ogres
  A death knight (D:15)
  4 orc high priests
  The ghost of Jingleheimer the Fighter, a novice DsSh of Okawaru (D:9)
  14 death yaks
  3 tengu warriors
  The ghost of Jingleheimer the Grappler, a novice TrSh (D:7)
  12 deep elf knights
  A sun demon (Abyss:2)
  4 skysharks
  A wretched star (Abyss:2)
  4 skeletal warriors
  5 large abominations (Abyss:2)
  A sixfirhy (Abyss:2)
  Lodul (D:14)
  13 sea snakes
  6 lindwurms
  6 orc knights
  2 glowing orange brains
  2 wizards
  12 deep elf archers
  29 deep elf zephyrmancers
  4 starcursed masses (Abyss:2)
  Pikel (D:6)
  A mana viper (Abyss:2)
  15 ugly things
  18 harpies
  7 orc sorcerers
  26 deep elf pyromancers
  7 cyclopes
  2 wolf spiders (Lair:5)
  18 manticores
  3 fauns (Shoals:3)
  A worldbinder (Abyss:2)
  Maurice (Orc:2)
  A guardian serpent (shapeshifter) (D:15)
  16 elephants
  An ice statue (IceCv)
  4 water nymphs
  An apocalypse crab (Abyss:2)
  Jeremiah (D:7)
  6 black mambas
  3 gargoyles
  An unseen horror (shapeshifter) (Elf:3)
  12 cane toads
  4 merfolk sirens
  Maggie (D:7)
  A cane toad (shapeshifter) (Elf:1)
  2 kobold demonologists
  11 komodo dragons
  A komodo dragon (shapeshifter) (D:14)
  2 torpor snails (Lair:5)
  4 rime drakes
  An efreet (D:15)
  A yaktaur (Volcano)
  An ancient zyme (Abyss:2)
  An anaconda simulacrum (Lair:3)
  26 merfolk
  A wind drake (shapeshifter) (D:14)
  3 meliai (D:14)
  5 trolls
  Prince Ribbit (D:9)
  6 hornets
  17 polar bears
  A troll (shapeshifter) (D:15)
  9 snapping turtles
  7 wind drakes
  28 blink frogs
  A raiju (Shoals:4)
  4 dream sheep (Shoals:4)
  16 slime creatures
  A centaur simulacrum (D:13)
  A spriggan (shapeshifter) (D:14)
  3 vampires
  3 air elementals
  12 spriggans (Lair:4)
  A dire elephant simulacrum (Lair:3)
  2 wraiths
  11 wyverns
  3 hogs (D:13)
  2 humans
  7 steam dragons
  9 water elementals
  2 fire elementals
  6 small abominations (Abyss:2)
  2 basilisks
  59 yaks
  6 vampire mosquitoes
  A chaos spawn (Abyss:2)
  Grum (D:7)
  12 wargs
  An acid dragon (D:10)
  16 water moccasins
  An ice beast (D:13)
  A black bear (Lair:1)
  32 orc warriors
  13 ogres
  A sky beast (D:6)
  A boulder beetle simulacrum (Lair:3)
  3 boggarts (Lair:4)
  24 wolves
  13 centaurs
  2 lemures
  5 kobold brigands
  13 bullfrogs
  3 gnoll sergeants
  Blork the orc (D:4)
  3 cane toad simulacra
  3 earth elementals
  A two-headed ogre simulacrum (D:12)
  A scorpion (D:4)
  5 wights (D:9)
  4 mutant beasts (D:11)
  11 killer bees
  4 electric eels (D:9)
  A crimson imp (D:3)
  5 howler monkeys
  2 hounds
  A komodo dragon simulacrum (Lair:3)
  19 orc priests
  4 gnoll boudas
  27 orc wizards
  A spriggan simulacrum (D:12)
  2 troll simulacra (D:12)
  2 polar bear simulacra (D:12)
  A bullfrog simulacrum (Lair:3)
  A mummy (Ossuary)
  35 gnolls
  4 adders
  A naga simulacrum (D:12)
  A shadow imp (D:6)
  2 white imps
  3 ufetubi
  A worm (D:2)
  3 dart slugs (D:3)
  96 orcs
  5 bats
  14 endoplasms
  20 giant cockroaches
  4 goblins
  8 hobgoblins
  4 jackals (D:1)
  19 kobolds
  3 quokkas
  12 ball pythons
  2 frilled lizards
  11 gnoll skeletons (Ossuary)
  A goblin skeleton (D:3)
  A hobgoblin zombie (D:3)
  5 kobold skeletons
  A kobold zombie (D:3)
  12 orc skeletons
  2 orc zombies (D:3)
  6 rats
  4 tentacles
1181 creatures vanquished.

Vanquished Creatures (collateral kills)
  A deep elf sorcerer (Elf:1)
  A deep elf knight (Elf:1)
  A deep elf archer (Elf:1)
  A deep elf zephyrmancer (Elf:1)
  An orc knight (Orc:2)
  2 deep elf pyromancers (Elf:1)
  2 orc sorcerers (Orc:2)
  2 orc priests (Orc:2)
  An orc wizard (Orc:2)
  3 orcs (Orc:1)
15 creatures vanquished.

Vanquished Creatures (others)
  A deep elf knight (Elf:3)
  A skeletal warrior (D:14)
  A deep elf archer (Elf:3)
  An ice beast (D:8)
  An orc warrior (Orc:2)
  2 ogres (D:14)
  A wolf (IceCv)
  2 orc wizards
  3 orcs (D:7)
  2 starspawn tentacles (Abyss:2)
  7 tentacles
22 creatures vanquished.

Grand Total: 1218 creatures vanquished

Notes
Turn   | Place    | Note
-------+----------+-------------------------------------------
     0 | D:1      | Pooter the Minotaur Berserker began the quest for the Orb.
     0 | D:1      | Reached XP level 1. HP: 19/19 MP: 0/0
   237 | D:1      | Reached XP level 2. HP: 27/27 MP: 1/1
   266 | D:1      | Reached skill level 4 in Axes
   454 | D:1      | Reached skill level 1 in Stealth
   758 | D:1      | Reached XP level 3. HP: 33/33 MP: 2/2
  1022 | D:2      | Reached ** piety under Trog
  1118 | D:2      | Found a stormy altar of Qazlal.
  1583 | D:2      | Reached XP level 4. HP: 39/40 MP: 3/3
  1797 | D:3      | Found an ancient bone altar of Kikubaaqudgha.
  1859 | D:3      | Identified the +0 chain mail "Kagerail" {rCorr}
  1984 | D:3      | Found a stormy altar of Qazlal.
  2010 | D:3      | Reached skill level 5 in Axes
  2351 | D:3      | Reached XP level 5. HP: 47/47 MP: 4/4
  2361 | D:3      | Reached *** piety under Trog
  2488 | D:3      | Upgraded the game from 0.31-a0-716-gc7603755dd to
                  | 0.31-a0-728-g01b46875f1
  2562 | D:3      | Found a glowing golden altar of the Shining One.
  2797 | D:4      | Found a sparkling altar of Nemelex Xobeh.
  2815 | D:4      | Noticed Blork the orc
  2823 | D:4      | Killed Blork the orc
  2824 | D:4      | Reached XP level 6. HP: 33/55 MP: 5/5
  2979 | D:4      | Found Qarhim's Assorted Antiques.
  2991 | D:4      | Bought a black potion for 16 gold pieces
  2991 | D:4      | Bought a runed hand axe for 108 gold pieces
  3072 | D:4      | Reached skill level 5 in Fighting
  3072 | D:4      | Reached skill level 6 in Axes
  3248 | D:4      | Reached XP level 7. HP: 61/61 MP: 6/6
  3596 | D:4      | Reached **** piety under Trog
  3834 | D:5      | Entered Level 5 of the Dungeon
  3977 | D:4      | Reached skill level 7 in Axes
  4353 | D:4      | Bought 3 scrolls labelled WALIHIOMIF for 54 gold pieces
  4585 | D:6      | Reached skill level 1 in Ranged Weapons
  4652 | D:6      | Noticed a steam dragon
  4669 | D:6      | Killed a steam dragon
  4822 | D:6      | Identified the +3 dagger "Beeq" {flame, *Corrode rElec MP+9
                  | Dex+4}
  4829 | D:6      | Reached skill level 8 in Axes
  4829 | D:6      | Reached XP level 8. HP: 70/70 MP: 7/7
  4838 | D:6      | Found the amulet of Elemental Vulnerability {rPois rF--
                  | rC-- AC+8}
  5489 | D:6      | Found the +6 shillelagh "Devastator" {shatter}
  5707 | D:6      | Found a staircase to the Ecumenical Temple.
  5827 | D:6      | Reached skill level 9 in Axes
  5855 | D:6      | Reached skill level 5 in Ranged Weapons
  5971 | D:7      | Noticed Jeremiah
  6069 | D:7      | Noticed Pikel
  6074 | D:7      | Noticed Maggie
  6086 | D:6      | Killed Pikel
  6087 | D:6      | Reached skill level 10 in Axes
  6087 | D:6      | Reached XP level 9. HP: 30/79 MP: 3/8
  7493 | D:7      | Killed Jeremiah
  7648 | D:7      | Noticed Grum
  7664 | D:7      | Killed Maggie
  7665 | D:7      | Reached skill level 11 in Axes
  7731 | D:7      | Identified the +0 spear of Zekuteo {elec, rC+ MP+9 Dex+3}
  7731 | D:7      | Identified the +4 scale mail of Paytuot {rElec rN+}
  7741 | D:7      | Found a transporter.
  7741 | D:7      | Found a transporter.
  7767 | D:7      | Identified the ring of Vuylaov {Ice Will- Int+4}
  7768 | D:7      | Noticed Jingleheimer's ghost (novice TrSh)
  8092 | D:8      | Found a sand-covered staircase.
  8105 | Ossuary  | Entered an ossuary
  8147 | Ossuary  | Identified a scroll of acquirement
  8148 | Ossuary  | Acquired the -2 hat of the Alchemist {rElec rPois rF+ rC+
                  | rN+ Will+ rMut rCorr}
  8148 | Ossuary  | Found the -2 hat of the Alchemist {rElec rPois rF+ rC+ rN+
                  | Will+ rMut rCorr}
  8464 | D:8      | Found a staircase to the Lair.
  8554 | D:8      | Noticed a two-headed ogre
  8573 | D:8      | Killed a two-headed ogre
  8574 | D:8      | Reached XP level 10. HP: 67/90 MP: 5/9
  8878 | D:8      | Noticed a lindwurm
  8878 | D:8      | Noticed a lindwurm
  8879 | D:8      | Noticed a lindwurm
  8880 | D:8      | Noticed a lindwurm
  9478 | D:8      | Killed a lindwurm
  9479 | D:8      | Reached skill level 12 in Axes
  9531 | D:8      | Killed a lindwurm
  9533 | D:8      | Killed a lindwurm
  9547 | D:8      | Killed a lindwurm
  9834 | D:9      | Found a hide-covered altar of Uskayaw.
  9978 | D:9      | Noticed a two-headed ogre
  9982 | D:9      | Found a runed translucent gate.
  9983 | D:9      | Found a runed translucent gate.
  9983 | D:9      | Noticed Jingleheimer's ghost (novice DsSh)
  9983 | D:9      | Noticed a ten-headed hydra
  9988 | D:9      | Killed a two-headed ogre
  9989 | D:9      | Reached skill level 13 in Axes
  9989 | D:9      | Reached skill level 10 in Ranged Weapons
 10054 | D:9      | Found a runed translucent gate.
 10122 | D:9      | Killed a seven-headed hydra
 10123 | D:9      | Reached XP level 11. HP: 60/99 MP: 5/10
 10128 | D:9      | Killed Jingleheimer's ghost
 10129 | D:9      | Reached skill level 10 in Fighting
 10752 | D:9      | Reached skill level 14 in Axes
 10950 | D:9      | Noticed Prince Ribbit
 10960 | D:9      | Killed Prince Ribbit
 11499 | D:10     | Entered Level 10 of the Dungeon
 11656 | D:10     | Noticed a two-headed ogre
 11662 | D:10     | Killed a two-headed ogre
 11690 | D:10     | Found Magiusilea's General Store.
 11713 | D:10     | Bought a ring of flight for 245 gold pieces
 11713 | D:10     | Bought a wand of flame (4) for 39 gold pieces
 11713 | D:10     | Bought a wand of acid (4) for 235 gold pieces
 11713 | D:10     | Bought a +1 pair of boots of rampaging for 231 gold pieces
 11713 | D:10     | Bought a wand of mindburst (5) for 98 gold pieces
 11818 | D:10     | Noticed Erica
 11824 | D:10     | Identified the +8 whip of Iseeffet {heavy, rF++ Str-4}
 11841 | D:10     | Killed Erica
 12209 | D:10     | Found an ornate altar of the Wu Jian Council.
 12286 | D:10     | Found a staircase to the Orcish Mines.
 12727 | Lair:1   | Entered Level 1 of the Lair of Beasts
 12840 | Lair:1   | Reached skill level 15 in Axes
 12880 | Lair:1   | Reached XP level 12. HP: 99/110 MP: 9/11
 14294 | Lair:2   | Found a staircase to the Shoals.
 14958 | Lair:2   | Found a staircase to the Snake Pit.
 15052 | Lair:2   | Reached skill level 16 in Axes
 15392 | Lair:3   | Found a transporter.
 16275 | Lair:3   | Found a transporter.
 16773 | Lair:4   | Found a runed translucent door.
 16774 | Lair:4   | Noticed Dittersdorf's ghost (journeyman GrFi)
 16799 | Lair:4   | Killed Dittersdorf's ghost
 16800 | Lair:4   | Reached XP level 13. HP: 119/119 MP: 10/12
 16842 | Lair:4   | Identified the +10 mace of Rousiqod {protect, rPois rF+}
 17178 | Lair:4   | Reached skill level 17 in Axes
 17798 | Lair:4   | You fall into a shaft and drop 1 floor!
 17798 | Lair:5   | Entered Level 5 of the Lair of Beasts
 17825 | Lair:5   | Found a dark tunnel.
 17855 | Volcano  | Entered a volcano
 17932 | Volcano  | Noticed a red draconian
 17958 | Volcano  | Killed a red draconian
 18359 | Lair:5   | Reached skill level 15 in Ranged Weapons
 18749 | Lair:4   | Reached skill level 18 in Axes
 18891 | Lair:4   | Identified the +1 sling "Giantbane" {flame, Int+3}
 19767 | Lair:5   | Reached XP level 14. HP: 122/130 MP: 13/13
 19947 | Lair:5   | Acquired 1005 gold pieces
 20642 | Lair:5   | Reached skill level 1 in Evocations
 20672 | Lair:5   | Found a staircase to the Slime Pits.
 20672 | Lair:5   | Found a viscous altar of Jiyva.
 21900 | Orc:1    | Entered Level 1 of the Orcish Mines
 21900 | Orc:1    | Noticed an orc warlord
 21900 | Orc:1    | Noticed an orc warlord
 22570 | D:11     | Found a portal to a secret trove of treasure.
 22950 | D:12     | Found a frozen archway.
 22980 | IceCv    | Entered an ice cave
 23439 | IceCv    | Upgraded the game from 0.31-a0-728-g01b46875f1 to
                  | 0.31-a0-743-g45f7035092
 23453 | IceCv    | Reached skill level 5 in Armour
 23551 | IceCv    | Reached skill level 15 in Fighting
 24762 | IceCv    | Reached XP level 15. HP: 126/141 MP: 11/14
 25406 | D:12     | Noticed Nessos
 25407 | D:12     | Nessos changed into Nessos the human
 25407 | D:12     | Noticed Nessos
 25414 | D:12     | Killed Nessos the human
 26852 | D:13     | Reached ***** piety under Trog
 28033 | Orc:1    | Reached skill level 19 in Axes
 28033 | Orc:1    | Reached skill level 5 in Evocations
 28220 | D:10     | Upgraded the game from 0.31-a0-743-g45f7035092 to
                  | 0.31-a0-744-gbc345e7fcb
 28435 | Orc:2    | Entered Level 2 of the Orcish Mines
 29621 | Orc:2    | Found a staircase to the Elven Halls.
 29631 | Orc:2    | Found Loudaxty's Gadget Gallery.
 29639 | Orc:2    | Bought a wand of flame (10) for 84 gold pieces
 29639 | Orc:2    | Bought a wand of charming (5) for 144 gold pieces
 29639 | Orc:2    | Bought a wand of iceblast (5) for 144 gold pieces
 29639 | Orc:2    | Bought a tin of tremorstones (2/2) for 480 gold pieces
 29662 | Orc:2    | Received a gift from Trog
 29690 | Orc:2    | Noticed Maurice
 29702 | Orc:2    | Killed Maurice
 31051 | Orc:2    | Found Kihodwea's Magic Scroll Shoppe.
 31051 | Orc:2    | Found Eklekot's Distillery.
 31052 | Orc:2    | Found Xiheuss's Weapon Shop.
 31052 | Orc:2    | Found Vazxid's Distillery.
 31062 | Orc:2    | Bought a potion of mutation for 128 gold pieces
 31062 | Orc:2    | Bought a potion of curing for 48 gold pieces
 31062 | Orc:2    | Bought a potion of haste for 160 gold pieces
 31072 | Orc:2    | Bought a scroll of enchant weapon for 75 gold pieces
 31072 | Orc:2    | Bought a scroll of enchant weapon for 75 gold pieces
 31072 | Orc:2    | Bought 3 scrolls of enchant weapon for 225 gold pieces
 31244 | D:14     | Noticed Lodul
 32167 | D:14     | Killed Lodul
 32642 | D:14     | Reached XP level 16. HP: 90/152 MP: 8/15
 33004 | D:14     | Found a gate to the Vaults.
 33120 | D:14     | Received a gift from Trog
 33405 | D:14     | Found a stormy altar of Qazlal.
 33458 | D:14     | Found a shimmering altar of Xom.
 33458 | D:14     | Found a white marble altar of Elyvilon.
 33460 | D:14     | Found a white marble altar of Elyvilon.
 33460 | D:14     | Found a stormy altar of Qazlal.
 33460 | D:14     | Found a sparkling altar of Nemelex Xobeh.
 33625 | D:15     | Entered Level 15 of the Dungeon
 34633 | D:15     | Reached skill level 20 in Axes
 34965 | D:15     | Found a staircase to the Depths.
 35459 | D:10     | Bought a scroll of teleportation for 42 gold pieces
 35587 | Orc:2    | Bought a potion of heal wounds for 80 gold pieces
 35589 | Orc:2    | Bought 2 potions of heal wounds for 170 gold pieces
 35792 | D:7      | Killed Grum
 35875 | D:7      | Killed Jingleheimer's ghost
 36029 | Elf:1    | Entered Level 1 of the Elven Halls
 36720 | Elf:1    | Reached skill level 10 in Armour
 36907 | Elf:1    | Received a gift from Trog
 37009 | Elf:1    | Paralysed by an air elemental for 1 turns
 37505 | Elf:1    | Upgraded the game from 0.31-a0-744-gbc345e7fcb to
                  | 0.31-a0-750-gfe7b580527
 37841 | Elf:2    | Paralysed by an air elemental for 1 turns
 38156 | Elf:2    | Paralysed by an air elemental for 1 turns
 38159 | Elf:2    | Paralysed by an air elemental for 1 turns
 38313 | Elf:2    | Reached XP level 17. HP: 161/161 MP: 16/16
 38605 | Elf:2    | Reached skill level 21 in Axes
 39259 | Elf:2    | Found a huge runed translucent gate.
 39259 | Elf:2    | Found a huge runed translucent gate.
 39259 | Elf:2    | Found a huge runed translucent gate.
 39259 | Elf:2    | Found a huge runed translucent gate.
 39260 | Elf:2    | Found a huge runed translucent gate.
 39458 | Elf:3    | Entered Level 3 of the Elven Halls
 39862 | Elf:3    | Found Voroylil's Book Shoppe.
 39872 | Elf:3    | Received a gift from Trog
 40508 | Elf:3    | Identified the +0 troll leather armour of Eternal Vigilance
                  | {Regen+ Int+4}
 40520 | Elf:3    | Identified the +1 long sword of Precise Incision {venom,
                  | Str+2}
 40632 | Elf:3    | Identified the +5 spear of the Grave {drain, Will- Dex+5
                  | SInv}
 43965 | Elf:3    | Noticed a deep elf blademaster
 43980 | Elf:3    | Killed a deep elf blademaster
 44471 | Elf:3    | Identified the +5 plate armour of the Grape {Harm rElec rF-
                  | Str-3}
 44471 | Elf:3    | Noticed a deep elf blademaster
 44485 | Elf:3    | Killed a deep elf blademaster
 45462 | Elf:3    | Noticed a deep elf master archer
 45468 | Elf:3    | Killed a deep elf master archer
 45477 | Elf:3    | Noticed a deep elf master archer
 45481 | Elf:3    | Identified the +5 hand axe "Nogau" {flame, *Rage rPois
                  | Stlth+}
 45487 | Elf:3    | Killed a deep elf master archer
 46233 | Elf:3    | Identified the staff "Gefump" {+Blink Fly rN+ Int+3 Stlth-
                  | Necro}
 46236 | Elf:3    | Identified the staff "Esemab" {rC+ rCorr Dex-4 SInv Fire
                  | Ice}
 46802 | Shoals:1 | Entered Level 1 of the Shoals
 46821 | Shoals:1 | Reached skill level 22 in Axes
 47759 | Shoals:1 | Received a gift from Trog
 47973 | Shoals:1 | Reached XP level 18. HP: 161/172 MP: 14/17
 48159 | Shoals:1 | Noticed Jorgrun
 48169 | Shoals:1 | Killed Jorgrun
 51515 | Shoals:2 | Found Omuv's Assorted Antiques.
 51848 | Shoals:2 | Found Ypsexegehe's One-of-a-Kind Rings.
 51857 | Shoals:2 | Bought the ring of Qefutub {Fly rCorr Str+4 Int+3 Dex+2}
                  | for 768 gold pieces
 53503 | Shoals:3 | Noticed Roxanne
 53536 | Shoals:3 | Killed Roxanne
 53717 | Shoals:3 | Found Matet's Weapon Shoppe.
 53725 | Shoals:3 | Bought 5 boomerangs for 140 gold pieces
 53777 | Shoals:3 | Noticed Ilsuiw
 54626 | Shoals:3 | Killed Ilsuiw
 55162 | Shoals:4 | Entered Level 4 of the Shoals
 55238 | Shoals:4 | Reached skill level 1 in Throwing
 55240 | Shoals:4 | Identified the +8 great mace of the Sugar Beet {protect,
                  | *Rage rElec rCorr Str+6}
 55844 | Shoals:4 | Found Teleamu's Book Emporium.
 55877 | Abyss:2  | Cast into level 2 of the Abyss (merfolk impaler)
 56023 | Abyss:2  | Reached skill level 23 in Axes
 56394 | Shoals:4 | Escaped the Abyss
 56797 | Shoals:4 | Reached skill level 10 in Evocations
 57123 | Shoals:4 | HP: 5/264 [merfolk/+2 vampiric trident (16)]
 57127 | Shoals:4 | Killed from afar by a manticore

Illustrated notes

Levels and vault maps discovered:
D:1:      dpeg_arrival_prison, layout_loops_ring
D:2:      minmay_roachtagon, layout_basic, basic_altar
D:3:      layout_basic, nicolae_tso_besieged_by_evil,
          chequers_temple_overflow_statue_of_worship, minmay_increasing_density
D:4:      layout_basic, nemelex_xobeh_ov_fountains_minmay, serial_shops,
          nicolae_shop_hallway_plus, uniq_blork_the_orc
D:5:      layout_rooms
D:6:      layout_cave_pools, lemuel_temple_firewalk_b,
          dilly_guarded_unrand_devastator
D:7:      layout_cave_pools, gammafunk_ghost_gnarly_gnolls, uniq_jeremiah,
          uniq_maggie, uniq_pikel
D:8:      layout_layer_cave, dpeg_oklobed_lair, enter_ossuary_5,
          minmay_lindwurm_lava
D:9:      minmay_polygon_palace, layout_basic, amcnicky_altar_gilded,
          gammafunk_ghost_hydra_chop, uniq_prince_ribbit1
D:10:     layout_loops_ring, kennysheep_mini, david_orc_1_choice, serial_shops,
          nicolae_shop_advertising_works [nicolae_subvault_shop_adworks],
          uniq_erica
D:11:     layout_rooms, nicolae_trove_entry_columns, hex_medium,
          nicolae_beast_mode
D:12:     layout_rooms, portal_ice_cave_entry_ice_simulacra, glass_columns_b,
          uniq_nessos
D:13:     nicolae_hitomezashi [nicolae_hito_row, nicolae_hito_row,
          nicolae_hito_row, nicolae_hito_row, nicolae_hito_row,
          nicolae_hito_row, nicolae_hito_row, nicolae_hito_row,
          nicolae_hito_row, nicolae_hito_row, nicolae_hito_row,
          nicolae_hito_row, nicolae_hito_row, nicolae_hito_row,
          nicolae_hito_row, nicolae_hito_row, nicolae_hito_row,
          nicolae_hito_row], layout_basic, serial_rivers,
          chequers_serial_rivers_room_b, chequers_serial_rivers_room_b,
          chequers_serial_rivers_small_a, chequers_serial_rivers_large_a,
          chequers_serial_rivers_small_b, grunt_livestock, minmay_liquid_box
D:14:     layout_cave_pools, lightli_vaults_fourway_checkpoint,
          doesnt_xom_only_xom, uniq_lodul
D:15:     grunt_enter_depths_snipers, layout_long_grid, hangedman_glass_teeth,
          minmay_crystal_room, minmay_evil_grid
Lair:1:   layout_layer_cave
Lair:2:   layout_gridlike, minmay_shoals_entry_beasts,
          guppyfry_snake_entry_garden
Lair:3:   gammafunk_cloud_chamber, layout_layer_cave, grunt_megastairs_1,
          lemuel_fruit_tree, serial_bayou_shore_b
Lair:4:   kb_forest_paths, layout_long_grid, gammafunk_ghost_grave
Lair:5:   gammafunk_lair_ancient_temple, layout_cave_shapes, slime_entry_1,
          nicolae_volcano_entry_vermiform, nicolae_lair_run_with_the_wolves,
          serial_bayou_shore_b
Shoals:1: layout_shoals, uniq_jorgrun
Shoals:2: layout_shoals, serial_shops, nicolae_take_the_stairs,
          nicolae_shop_unique_rings
Shoals:3: layout_shoals, serial_shops, nicolae_shop_bloodbath_and_beyond,
          uniq_ilsuiw, uniq_roxanne
Shoals:4: shoals_end_simple, layout_shoals, serial_shops, nicolae_diamond_shop,
          nicolae_shoals_gull_way
Orc:1:    layout_caves
Orc:2:    st_orc_elflike, layout_caves, nicolae_shop_gadgets, uniq_maurice
Elf:1:    eino_elf_arrival_shootout, layout_gridlike, minmay_elf_demonology
Elf:2:    elven_hall_of_blades_hangedman_alternative
          [mumra_blade_entry_bloodbath], layout_gridlike, kb_rosetta
Elf:3:    elf_hall, layout_loops_corners, serial_shops,
          nicolae_book_shop_shelving, grunt_ministairs_14

Skill      XL: |  1  2  3  4  5  6  7  8  9 10 11 12 13 14 15 16 17 18 |
---------------+-------------------------------------------------------+-----
Axes           | 4 5 6 8 10 11 13 15 16 18 19 20 22 23 | 23.2
Stealth        | 1 2 3 4 |  4.4
Fighting       | 4 5 6 7 8 9 11 12 13 15 16 17 18 19 | 19.0
Ranged Weapons | 2 6 8 10 12 14 16 17 18 19 20 | 20.0
Armour         | 5 8 10 12 13 | 13.2
Evocations     | 3 6 7 9 10 | 10.0
Throwing       | 3 |  3.0
Dodging        | |  2.1

Action                     |  1- 3 |  4- 6 |  7- 9 | 10-12 | 13-15 | 16-18 || total
---------------------------+-------+-------+-------+-------+-------+-------++-------
  Melee: Hand axe          |   117 |   162 |    12 |       |       |       ||   291
         Headbutt          |    13 |    23 |    55 |    72 |   200 |   125 ||   488
         War axe           |       |       |   254 |    23 |       |       ||   277
         Broad axe         |       |       |       |   381 |   733 |     1 ||  1115
         Whip              |       |       |       |     9 |       |       ||     9
         Punch             |       |       |       |     4 |     7 |       ||    11
         Halberd           |       |       |       |       |    11 |       ||    11
         Battleaxe         |       |       |       |       |   214 |    37 ||   251
         Executioner's axe |       |       |       |       |       |   581 ||   581
   Fire: Sling             |       |       |    44 |   142 |       |       ||   186
         Arbalest          |       |       |       |    72 |   194 |       ||   266
         Longbow           |       |       |       |       |   169 |   643 ||   812
  Throw: Dart              |       |       |    10 |     5 |    13 |     4 ||    32
         Stone             |       |       |     7 |     2 |       |       ||     9
         Javelin           |       |       |     4 |       |       |       ||     4
         Boomerang         |       |       |       |       |     4 |     3 ||     7
 Invoke: Berserk           |     2 |     2 |    12 |    12 |    24 |    11 ||    63
         Trog's Hand       |       |     2 |    12 |    19 |    27 |    29 ||    89
         Brothers in Arms  |       |       |       |       |       |     2 ||     2
  Evoke: Wand              |       |       |     2 |    16 |     5 |     3 ||    26
         Tin of tremorston |       |       |       |       |       |     5 ||     5
    Use: Scroll            |     1 |     4 |     5 |    14 |    20 |    16 ||    60
         Potion            |       |       |       |     4 |     2 |     2 ||     8
   Stab: Sleeping          |     2 |       |       |       |       |       ||     2
         Invisible         |       |       |       |       |     2 |       ||     2
         Held in net/web   |       |       |       |       |       |     1 ||     1
 Armour: Animal skin       |    78 |     4 |       |       |       |       ||    82
         Chain mail        |       |   102 |   248 |       |       |       ||   350
         Plate armour      |       |       |     9 |   500 |   997 |   911 ||  2417
  Dodge: Dodged            |    44 |    30 |    72 |   123 |   337 |   280 ||   886
         Repelled          |       |       |       |       |     4 |    15 ||    19
  Block: Tower shield      |    46 |    91 |   153 |    45 |       |       ||   335

Table legend: (Time is in decaauts)
 A = Elapsed time spent in this place.
 B = Non-inter-level travel time spent in this place.
 C = Inter-level travel time spent in this place.
 D = Time resting spent in this place.
 E = Time spent auto-exploring this place.
 F = Levels seen in this place.
 G = Mean time per level.
                   A        B        C        D        E       F      G
               +--------+--------+--------+--------+--------+-----+--------+
         Total |  57659 |  55375 |   2284 |  27275 |  18277 |  33 | 1747.2 |
       Dungeon |  21927 |  20593 |   1334 |   7839 |   8946 |  15 | 1461.8 |
          Lair |   8647 |   8330 |    317 |   2448 |   4583 |   5 | 1729.4 |
        Shoals |   9759 |   9555 |    204 |   6277 |   1812 |   4 | 2439.8 |
  Orcish Mines |   3227 |   3029 |    198 |   1761 |    491 |   2 | 1613.5 |
   Elven Halls |  10614 |  10386 |    228 |   7086 |   1710 |   3 | 3538.0 |
         Abyss |    481 |    481 |      0 |     91 |      4 |   1 |  481.0 |
       Ossuary |    225 |    225 |      0 |      0 |    112 |   1 |  225.0 |
      Ice Cave |   2321 |   2321 |      0 |   1630 |    380 |   1 | 2321.0 |
       Volcano |    453 |    453 |      0 |    141 |    238 |   1 |  453.0 |
               +--------+--------+--------+--------+--------+-----+--------+

Top non-repeatable levels by time:
   Elf:3: 7018 daAuts
Shoals:2: 3248 daAuts
    D:13: 2968 daAuts
Shoals:3: 2840 daAuts
   Orc:2: 2592 daAuts
  Lair:4: 2506 daAuts
   IceCv: 2321 daAuts
  Lair:5: 2254 daAuts
Shoals:1: 2230 daAuts
     D:9: 1992 daAuts
     D:6: 1897 daAuts
    D:10: 1847 daAuts
   Elf:1: 1844 daAuts
    D:14: 1764 daAuts
   Elf:2: 1751 daAuts
